[Event "Titled Tuesday Blitz November 29 Early 2022"]
[White "Andreev, Konstantin"]
[Black "Jiganchine, Roman"]
[WhiteFideId "24239305"]
[BlackFideId "2603667"]
[WhiteElo "2106"]
[BlackElo "2297"]
[Result "0-1"]
[Round "04"]
[TimeControl "180+1"]
[Date "2022.11.30"]
[WhiteClock "0:01:03"]
[BlackClock "0:01:00"]

1. e4 c6 2. d4 d5 3. e5 Bf5 4. Nf3 e6 5. Be2 Nd7 6. O-O a6 7. Nbd2 h6 8. Nb3 c5 9. c4 dxc4 10. Bxc4 b5 11. Be2 c4 12. Nbd2 Ne7 13. Re1 Nd5 14. Bf1 Bb4 15. g3 O-O 16. Bg2 N7b6 17. a3 Be7 18. Ne4 Rc8 19. Bd2 Na4 20. b3 cxb3 21. Qxb3 Qb6 22. Rad1 Rfd8 23. h3 Bh7 24. g4 Bxe4 25. Rxe4 Nac3 26. Rde1 Nxe4 27. Rxe4 Qc7 28. Qd3 Qc2 29. Qe2 Nc3 30. Bxc3 Qxe2 31. Rxe2 Rxc3 32. h4 Rxa3 33. g5 hxg5 34. hxg5 0-1


[Site "https://www.chess.com"]

[Event "Titled Tuesday Blitz November 29 Early 2022"]
[White "Andreikin, Dmitry"]
[Black "Ivic, Velimir"]
[WhiteFideId "4158814"]
[BlackFideId "950122"]
[WhiteElo "2736"]
[BlackElo "2625"]
[Result "1-0"]
[Round "04"]
[TimeControl "180+1"]
[Date "2022.11.30"]
[WhiteClock "0:00:04"]
[BlackClock "0:00:02"]

1. e4 c5 2. Nc3 Nc6 3. Nge2 Nf6 4. d4 cxd4 5. Nxd4 e5 6. Nde2 Bc5 7. Ng3 d6 8. Be2 a6 9. O-O O-O 10. Nd5 Nxd5 11. exd5 Ne7 12. Kh1 Ng6 13. Rb1 a5 14. Ne4 Ba7 15. Bg5 f6 16. Be3 f5 17. Bxa7 Rxa7 18. Nc3 Ra8 19. Nb5 Rf6 20. g3 Bd7 21. b4 axb4 22. Rxb4 Rxa2 23. Qb1 Ra5 24. c4 f4 25. Nc3 f3 26. Bd3 Nf4 27. Rxb7 Ra8 28. Bxh7+ Kh8 29. Be4 Ne2 30. Qd3 Nd4 31. Rfb1 Bh3 32. Kg1 Qa5 33. Rb8+ Rf8 34. Rxa8 Qxa8 35. c5 Qa5 36. Re1 Qxc5 37. Bg6 Rc8 38. Qe4 Qxc3 39. Qh4+ Kg8 40. Qh7+ Kf8 41. Qh8+ Ke7 42. Qxg7+ Kd8 43. Qf8+ Kc7 44. Qe7+ Kb6 45. Rb1+ Nb3 46. Qxd6+ Kb5 47. Rd1 Qd2 48. Be8+ Ka5 49. Qa3+ Kb6 50. Qxb3+ Ka7 51. Rxd2 Rc1+ 52. Rd1 Rxd1+ 1-0


[Site "https://www.chess.com"]

[Event "Titled Tuesday Blitz November 29 Early 2022"]
[White "Ankudinova, Yelena"]
[Black "Gjestemoen-VonHirsch, Andre"]
[WhiteFideId "13702114"]
[BlackFideId "1539531"]
[WhiteElo "1930"]
[BlackElo "2198"]
[Result "1/2-1/2"]
[Round "04"]
[TimeControl "180+1"]
[Date "2022.11.30"]
[WhiteClock "0:01:40"]
[BlackClock "0:01:34"]

1. c4 g6 2. Nc3 Bg7 3. g3 Nf6 4. Bg2 O-O 5. Nf3 d6 6. d4 Nbd7 7. d5 c5 8. dxc6 bxc6 9. Nd4 Bb7 10. Bxc6 Bxc6 11. Nxc6 Qe8 12. Nd4 Rc8 13. b3 e5 14. Nc2 Qe6 15. O-O Qh3 16. f3 Nh5 17. e4 Nxg3 18. hxg3 Qxg3+ 19. Kh1 Qh3+ 20. Kg1 Qg3+ 21. Kh1 Qh3+ 22. Kg1 Qg3+ 1/2-1/2


[Site "https://www.chess.com"]

[Event "Titled Tuesday Blitz November 29 Early 2022"]
[White "Aqib Javaid Butt"]
[Black "Rose, Felix"]
[WhiteFideId "7801262"]
[BlackFideId "5105722"]
[WhiteElo "1659"]
[BlackElo "2039"]
[Result "1-0"]
[Round "04"]
[TimeControl "180+1"]
[Date "2022.11.30"]
[WhiteClock "0:02:00"]
[BlackClock "0:01:29"]

1. d4 Nf6 2. Nf3 e6 3. Bg5 c5 4. Nbd2 b6 5. g3 Bb7 6. Bg2 h6 7. Bxf6 Qxf6 8. Nb3 cxd4 9. Qxd4 Be7 10. O-O Nc6 11. Qxf6 Bxf6 12. c3 Ba6 13. Rfe1 d5 14. Nfd4 Nxd4 15. Nxd4 Rc8 16. e4 dxe4 17. Bxe4 O-O 18. Nc6 Rc7 19. Nb4 Bb5 20. Rad1 a5 21. Nd3 Ba4 22. b3 Bb5 23. c4 Ba6 24. Nf4 a4 25. Rd6 Rb8 26. Red1 axb3 27. axb3 Bc8 28. Rd8+ 1-0


[Site "https://www.chess.com"]

[Event "Titled Tuesday Blitz November 29 Early 2022"]
[White "Arbunic Castro, Giovanna"]
[Black "Zatonskih, Anna"]
[WhiteFideId "3400549"]
[BlackFideId "14101572"]
[WhiteElo "1937"]
[BlackElo "2362"]
[Result "0-1"]
[Round "04"]
[TimeControl "180+1"]
[Date "2022.11.30"]
[WhiteClock "0:00:52"]
[BlackClock "0:02:15"]

1. e4 d5 2. exd5 Qxd5 3. Nc3 Qd6 4. Bc4 Nf6 5. d4 c6 6. Nf3 Bg4 7. Be3 e6 8. O-O Nbd7 9. h3 Bh5 10. Be2 Qc7 11. Qd2 Bd6 12. Bg5 h6 13. Be3 O-O 14. Bxh6 gxh6 15. g4 Bg6 16. Qxh6 Bf4 17. Qh4 Kg7 18. g5 Rh8 19. gxf6+ Nxf6 0-1


[Site "https://www.chess.com"]

[Event "Titled Tuesday Blitz November 29 Early 2022"]
[White "Ardila, Oscar Humberto"]
[Black "Dudzinski, Pawel"]
[WhiteFideId "4404742"]
[BlackFideId "1117890"]
[WhiteElo "1959"]
[BlackElo "2086"]
[Result "0-1"]
[Round "04"]
[TimeControl "180+1"]
[Date "2022.11.30"]
[WhiteClock "0:01:09"]
[BlackClock "0:00:48"]

1. d4 d5 2. c4 e6 3. Nc3 c6 4. cxd5 cxd5 5. Nf3 f5 6. g3 Nf6 7. Bg2 Be7 8. O-O O-O 9. Bg5 Nc6 10. e3 Bd7 11. Rc1 Be8 12. Qe2 Bh5 13. Qb5 Bxf3 14. Bxf3 Qd7 15. h4 h6 16. Bxf6 Bxf6 17. Kg2 Rf7 18. a4 a6 19. Qb6 Bd8 20. Qb3 Na5 21. Qa2 Nc4 22. b3 Nd6 23. Ne2 g5 24. hxg5 hxg5 25. Rh1 g4 26. Bxg4 fxg4 27. Rh4 Bxh4 28. gxh4 Ne4 29. Nf4 Rxf4 30. exf4 Rc8 31. Rxc8+ Qxc8 32. Qe2 Nf6 33. Qe5 Kf7 34. h5 Qc2 35. Kg3 Qxb3+ 36. Kh4 Qh3+ 37. Kg5 Qxh5# 0-1


[Site "https://www.chess.com"]

[Event "Titled Tuesday Blitz November 29 Early 2022"]
[White "Atakhan, Abtin"]
[Black "Bethke, Richard"]
[WhiteFideId "22502203"]
[BlackFideId "12959243"]
[WhiteElo "2298"]
[BlackElo "2369"]
[Result "0-1"]
[Round "04"]
[TimeControl "180+1"]
[Date "2022.11.30"]
[WhiteClock "0:00:06"]
[BlackClock "0:00:17"]

1. c4 Nf6 2. Nc3 e6 3. e4 d5 4. e5 d4 5. exf6 dxc3 6. bxc3 Qxf6 7. d4 b6 8. Be2 Bb7 9. Bf3 Bxf3 10. Nxf3 c6 11. Qa4 Bd6 12. O-O O-O 13. Re1 Qf5 14. Ne5 Rc8 15. c5 bxc5 16. Ba3 f6 17. Nc4 Bc7 18. Bxc5 Nd7 19. Bd6 Qd5 20. Bxc7 Rxc7 21. Ne3 Qb5 22. Qb3 Qxb3 23. axb3 Kf7 24. b4 Nb6 25. Ra6 Rd8 26. Rea1 Rdd7 27. R1a5 e5 28. dxe5 Nc4 29. Rc5 Nxe5 30. f4 Nd3 31. Rcxc6 Rxc6 32. Rxc6 Re7 33. Nc2 Re2 34. Rd6 Nxf4 35. Nd4 Rxg2+ 36. Kf1 Rxh2 37. Rd7+ Kg6 38. Rxa7 Nd5 39. b5 Rb2 40. Ra3 h5 41. c4 Nc7 42. Ra7 Ne8 43. c5 h4 0-1


[Site "https://www.chess.com"]

[Event "Titled Tuesday Blitz November 29 Early 2022"]
[White "Averjanov, Alexey"]
[Black "Malka, Samuel"]
[WhiteFideId "14109867"]
[BlackFideId "20643675"]
[WhiteElo "2624"]
[BlackElo "2455"]
[Result "1/2-1/2"]
[Round "04"]
[TimeControl "180+1"]
[Date "2022.11.30"]
[WhiteClock "0:01:43"]
[BlackClock "0:00:44"]

1. d4 d5 2. c4 e6 3. Nf3 Nf6 4. e3 Be7 5. Nbd2 O-O 6. Bd3 c5 7. b3 Nc6 8. Bb2 b6 9. O-O Bb7 10. Qe2 Rc8 11. Rac1 cxd4 12. Nxd4 Nxd4 13. Bxd4 Nd7 14. Rfd1 e5 15. Bb2 e4 16. Bb1 Bf6 17. Bxf6 Nxf6 18. cxd5 Rxc1 19. Rxc1 Qxd5 20. Nf1 Rc8 21. Rxc8+ Bxc8 22. Ng3 Bg4 23. Qc2 h5 24. h3 Bf5 25. Nxf5 Qxf5 26. Qc7 Qc5 27. Qd8+ Kh7 28. Qd2 Qe5 29. Qc1 g6 30. Kf1 Kg7 31. Ke1 Qa5+ 32. Qd2 Qe5 33. Ke2 Qb5+ 34. Ke1 Qe5 35. Ke2 Qb5+ 36. Ke1 Qe5 1/2-1/2


[Site "https://www.chess.com"]

[Event "Titled Tuesday Blitz November 29 Early 2022"]
[White "Baches Garcia, Guillermo"]
[Black "Trost, Edvin"]
[WhiteFideId "2209764"]
[BlackFideId "1729519"]
[WhiteElo "2467"]
[BlackElo "2247"]
[Result "0-1"]
[Round "04"]
[TimeControl "180+1"]
[Date "2022.11.30"]
[WhiteClock "0:00:23"]
[BlackClock "0:02:06"]

1. e4 c5 2. Nf3 d6 3. d4 cxd4 4. Nxd4 Nf6 5. Nc3 g6 6. g3 Bg7 7. Bg2 O-O 8. O-O Nc6 9. Nde2 Rb8 10. a4 a6 11. Nd5 b5 12. axb5 axb5 13. h3 e6 14. Ndf4 Bb7 15. Nd3 Qc7 16. Be3 Ne5 17. Nxe5 dxe5 18. Ra7 Ra8 19. Rxa8 Rxa8 20. Qd3 b4 21. c4 bxc3 22. Nxc3 Ba6 23. Ra1 Bxd3 24. Rxa8+ Bf8 25. Bh6 Nd7 26. Bf1 Bxf1 27. Kxf1 Nb8 0-1


[Site "https://www.chess.com"]

[Event "Titled Tuesday Blitz November 29 Early 2022"]
[White "Bai, Adelard"]
[Black "Molina, Roberto Junio Brito"]
[WhiteFideId "16301188"]
[BlackFideId "2109450"]
[WhiteElo "2299"]
[BlackElo "2388"]
[Result "0-1"]
[Round "04"]
[TimeControl "180+1"]
[Date "2022.11.30"]
[WhiteClock "0:00:01"]
[BlackClock "0:00:24"]

1. d4 d5 2. c4 c6 3. cxd5 cxd5 4. Bf4 Qb6 5. Nc3 Nf6 6. e3 Qxb2 7. Nge2 a6 8. Na4 Qb4+ 9. Nec3 b5 10. Rb1 Qa5 11. Bxb5+ axb5 12. Rxb5 Qa7 13. Nb6 Nbd7 14. Nxa8 Qxa8 15. O-O e6 16. Qb3 Ba6 17. Qa4 Qc6 18. Rfb1 Bxb5 19. Nxb5 Nb6 20. Nc7+ Kd7 21. Qa7 Nc8 22. Qb8 Bd6 23. Bxd6 Qxd6 24. Qb7 Qc6 0-1


[Site "https://www.chess.com"]

[Event "Titled Tuesday Blitz November 29 Early 2022"]
[White "Barash, Anton"]
[Black "Migot, Tangi"]
[WhiteFideId "30935229"]
[BlackFideId "662445"]
[WhiteElo "2316"]
[BlackElo "2583"]
[Result "0-1"]
[Round "04"]
[TimeControl "180+1"]
[Date "2022.11.30"]
[WhiteClock "0:00:15"]
[BlackClock "0:00:18"]

1. e4 Nf6 2. Nc3 d5 3. exd5 Nxd5 4. Bc4 Nxc3 5. Qf3 e6 6. dxc3 Nd7 7. Qg3 Nb6 8. Bd3 Bd7 9. Bf4 Nd5 10. Bg5 Bd6 11. Bxd8 Bxg3 12. hxg3 Rxd8 13. Nf3 Ke7 14. O-O-O h6 15. a3 Nf6 16. Ne5 Bc8 17. f3 Rd5 18. f4 Rhd8 19. Rde1 Nd7 20. Nxd7 R5xd7 21. f5 Rd6 22. Rh4 Kf8 23. fxe6 Rxe6 24. Rf1 f6 25. Rc4 c6 26. Ra4 a6 27. Rb4 Re3 28. Rf3 Re1+ 29. Kd2 Re5 30. Rb6 Bg4 31. Rf4 Re2+ 32. Kc1 Re1+ 33. Kd2 Rd1+ 34. Ke3 Re8+ 35. Kd4 Bc8 36. Kc5 Rde1 37. Bc4 R1e5+ 38. Kd6 R5e7 39. Bd3 Rd8+ 40. Kc5 Re5+ 41. Kb4 a5+ 42. Ka4 Ke7 43. b4 axb4 44. cxb4 Kd6 45. c4 Kc7 46. c5 Rxd3 0-1


[Site "https://www.chess.com"]

[Event "Titled Tuesday Blitz November 29 Early 2022"]
[White "Bashirli, Saadat"]
[Black "Lucas, Arthur"]
[WhiteFideId "13429990"]
[BlackFideId "26093073"]
[WhiteElo "1408"]
[BlackElo "2251"]
[Result "0-1"]
[Round "04"]
[TimeControl "180+1"]
[Date "2022.11.30"]
[WhiteClock "0:00:02"]
[BlackClock "0:00:03"]

1. d4 d5 2. c4 e6 3. Nc3 a6 4. cxd5 exd5 5. Bf4 Nf6 6. Qc2 Bd6 7. Bg5 c6 8. e3 h6 9. Bh4 O-O 10. Bd3 Nbd7 11. Nge2 Re8 12. O-O Qc7 13. Bg3 Bxg3 14. Nxg3 Nf8 15. Rae1 Bd7 16. f3 c5 17. Bf5 cxd4 18. exd4 Qf4 19. Rd1 g6 20. Bxd7 N8xd7 21. Qb3 Qd6 22. Rfe1 b5 23. Kf2 h5 24. h4 Nb6 25. Qc2 Qf4 26. Nge2 Qxh4+ 27. Kg1 Nc4 28. Qb3 Re3 29. Rc1 Rae8 30. Qc2 b4 31. Na4 Qg5 32. Rcd1 Rxf3 33. Qc1 Rfe3 34. Nc5 Ng4 35. Nd7 Qh4 36. Ne5 Qh2+ 37. Kf1 Qh1+ 38. Ng1 Nh2+ 39. Kf2 Rxe1 40. Rxe1 Nxe5 41. dxe5 Ng4+ 42. Kf1 Qh2 43. Qd2 Rxe5 44. Rxe5 Qxe5 45. Qe2 Qf5+ 46. Qf2 Qxf2# 0-1


[Site "https://www.chess.com"]

[Event "Titled Tuesday Blitz November 29 Early 2022"]
[White "Baskakov, Egor"]
[Black "Sethuraman, S.P."]
[WhiteFideId "24197866"]
[BlackFideId "5021596"]
[WhiteElo "2211"]
[BlackElo "2545"]
[Result "1-0"]
[Round "04"]
[TimeControl "180+1"]
[Date "2022.11.30"]
[WhiteClock "0:00:17"]
[BlackClock "0:00:07"]

1. e4 c5 2. Nf3 e6 3. Be2 Nc6 4. c4 Qb6 5. Nc3 Nf6 6. O-O d6 7. d3 Be7 8. h3 O-O 9. Rb1 Rd8 10. Be3 Nd4 11. b4 Nxe2+ 12. Qxe2 Qc7 13. Nb5 Qb8 14. e5 dxe5 15. Bxc5 Bxc5 16. bxc5 Nd7 17. Ng5 h6 18. Ne4 a6 19. Nbd6 Qc7 20. f4 f5 21. fxe5 fxe4 22. d4 Nxc5 23. Rf7 Rd7 24. Rbf1 Rxf7 25. Rxf7 Qxf7 26. Nxf7 Kxf7 27. dxc5 Bd7 28. Qxe4 Bc6 29. Qd4 Re8 30. Qd6 Re7 31. Qd4 Rd7 32. Qf4+ Kg8 33. Qg4 Kf7 34. Qh5+ Kf8 35. Qg6 Re7 36. g4 Be8 37. Qh7 Kf7 38. Kf2 Bc6 39. Ke3 Rd7 40. h4 Rd1 41. g5 Re1+ 42. Kf2 Rxe5 43. gxh6 Rf5+ 44. Ke2 Re5+ 45. Kd2 1-0


[Site "https://www.chess.com"]

[Event "Titled Tuesday Blitz November 29 Early 2022"]
[White "Begunov, Konstantin"]
[Black "Zemlyanskii, Ivan"]
[WhiteFideId "4118510"]
[BlackFideId "24249971"]
[WhiteElo "2140"]
[BlackElo "2107"]
[Result "0-1"]
[Round "04"]
[TimeControl "180+1"]
[Date "2022.11.30"]
[WhiteClock "0:00:10"]
[BlackClock "0:01:07"]

1. d4 d5 2. c4 e6 3. Nc3 c6 4. cxd5 exd5 5. Nf3 Nf6 6. Bg5 h6 7. Bh4 Bf5 8. Qb3 Nbd7 9. Qxb7 Rb8 10. Qxc6 Rxb2 11. Bxf6 gxf6 12. Qxd5 Be6 13. Qe4 Bb4 14. Rc1 Qa5 15. Qd3 O-O 16. Nd2 Rc8 17. Nde4 f5 18. Qg3+ Kh7 19. Nc5 Nxc5 20. dxc5 Rxc5 21. f3 Bxc3+ 22. Kf2 Bd4# 0-1


[Site "https://www.chess.com"]

[Event "Titled Tuesday Blitz November 29 Early 2022"]
[White "Berezin, Viktor"]
[Black "Estrada Nieto, Julian"]
[WhiteFideId "14107872"]
[BlackFideId "5101018"]
[WhiteElo "2310"]
[BlackElo "2221"]
[Result "1-0"]
[Round "04"]
[TimeControl "180+1"]
[Date "2022.11.30"]
[WhiteClock "0:01:00"]
[BlackClock "0:00:40"]

1. Nf3 d5 2. c4 dxc4 3. g3 Nf6 4. Bg2 c6 5. O-O Bf5 6. a4 e6 7. Na3 Bxa3 8. Rxa3 O-O 9. b3 cxb3 10. Rxb3 Qe7 11. Ba3 c5 12. d4 Na6 13. Ne5 Rab8 14. dxc5 Qc7 15. Nd3 Rfd8 16. Qc1 Ne4 17. Qe3 Rbc8 18. Bxe4 Bxe4 19. Qxe4 b6 20. cxb6 axb6 21. Rc1 Qd7 22. Rxc8 Rxc8 23. Rxb6 Nc7 24. Rd6 Qe8 25. Qc6 Qf8 26. Rd7 Qxa3 27. Rxc7 Rf8 28. Rc8 g6 29. Rxf8+ Kxf8 30. Qc5+ Qxc5 31. Nxc5 Ke7 32. Kg2 Kd6 33. Nd3 Kc6 34. Kf3 Kb6 35. Ke4 Ka5 36. Nb2 f6 37. Kd4 Kb4 38. f4 h6 39. h3 h5 40. h4 Ka5 41. Kc5 e5 42. fxe5 fxe5 43. Kd5 Kb4 44. Kxe5 1-0


[Site "https://www.chess.com"]

[Event "Titled Tuesday Blitz November 29 Early 2022"]
[White "Bettalli, Francesco"]
[Black "Jakubowski, Krzysztof"]
[WhiteFideId "2816453"]
[BlackFideId "1112848"]
[WhiteElo "2216"]
[BlackElo "2373"]
[Result "0-1"]
[Round "04"]
[TimeControl "180+1"]
[Date "2022.11.30"]
[WhiteClock "0:01:27"]
[BlackClock "0:00:32"]

1. d4 Nf6 2. Nc3 d5 3. Bg5 c6 4. Bxf6 exf6 5. e4 Bb4 6. exd5 Qxd5 7. Nf3 O-O 8. Be2 Bxc3+ 9. bxc3 Nd7 10. O-O Nb6 11. Qd3 Bf5 12. Qd2 Rfe8 13. Bd3 Nc4 14. Bxc4 Qxc4 15. Rab1 b5 16. Rfe1 Qxa2 17. Ra1 Qxc2 18. Qxc2 Bxc2 19. Rxe8+ Rxe8 20. Rxa7 g5 21. h3 Be4 22. Nd2 Bd5 23. Kf1 h5 24. f3 h4 25. Kf2 Kg7 26. Nf1 Rd8 27. Ne3 Be6 28. Rc7 Rd6 29. Nc2 f5 30. Nb4 Bd7 31. Nd3 f4 32. Ne5 Be8 33. Rc8 Kf8 34. Ke2 Ke7 35. Kd3 f6 36. Ng4 Bg6+ 37. Kd2 Bf5 38. Rc7+ Kd8 39. Rf7 Bxg4 40. hxg4 Re6 41. Kd3 Ke8 42. Rc7 Kd8 43. Rf7 h3 44. gxh3 Re3+ 45. Kd2 Rxf3 46. Rxf6 Rxh3 47. Rxc6 Rg3 48. Rc5 Rxg4 49. Rxb5 Rg2+ 50. Kd3 g4 51. Rf5 Rf2 52. Rg5 g3 53. Ke4 g2 54. Kd5 f3 55. Kd6 Ke8 56. Ke6 Re2+ 57. Kd6 f2 58. Rxg2 f1=Q 59. Rg8+ Kf7 60. Rg5 Qf4+ 61. Re5 Rxe5 62. dxe5 Kg6 63. c4 Kf5 64. Kd7 Qxe5 65. c5 0-1


[Site "https://www.chess.com"]

[Event "Titled Tuesday Blitz November 29 Early 2022"]
[White "Blokhin, Sofia"]
[Black "Grave, Jacob Templen"]
[WhiteFideId "4508190"]
[BlackFideId "1542656"]
[WhiteElo "2005"]
[BlackElo "2126"]
[Result "0-1"]
[Round "04"]
[TimeControl "180+1"]
[Date "2022.11.30"]
[WhiteClock "0:00:02"]
[BlackClock "0:00:01"]

1. e4 c6 2. Nf3 d5 3. Nc3 Bg4 4. d4 e6 5. Bd3 Nf6 6. O-O Be7 7. h3 Bh5 8. Be3 O-O 9. e5 Nfd7 10. Nb1 c5 11. c3 Nc6 12. a3 f6 13. g4 fxe5 14. Nxe5 Ndxe5 15. dxe5 Bg6 16. Bxg6 hxg6 17. f4 g5 18. b4 d4 19. Bc1 gxf4 20. Bxf4 Qd5 21. cxd4 cxb4 22. axb4 Qxd4+ 23. Qxd4 Nxd4 24. Kg2 Bxb4 25. Ra4 Nc6 26. h4 a5 27. Na3 Rad8 28. Nb5 Rd5 29. Nc7 Rd4 30. Nxe6 Re8 31. Nxd4 Nxd4 32. Raa1 b5 33. Rad1 Ne6 34. h5 a4 35. h6 gxh6 36. Bxh6 a3 37. Rf6 a2 38. Rdf1 Bc3 39. Rg6+ Kh7 40. Rg7+ Nxg7 41. Bxg7 Kxg7 0-1


[Site "https://www.chess.com"]

[Event "Titled Tuesday Blitz November 29 Early 2022"]
[White "Bok, Benjamin"]
[Black "Ingebretsen, Jens E"]
[WhiteFideId "1017063"]
[BlackFideId "1522965"]
[WhiteElo "2658"]
[BlackElo "2213"]
[Result "0-1"]
[Round "04"]
[TimeControl "180+1"]
[Date "2022.11.30"]
[WhiteClock "0:00:05"]
[BlackClock "0:00:11"]

1. d4 Nf6 2. c4 e6 3. Nc3 Bb4 4. Qc2 O-O 5. a3 Bxc3+ 6. Qxc3 b6 7. Bg5 Bb7 8. e3 h6 9. Bh4 d6 10. f3 Nbd7 11. Bd3 e5 12. dxe5 Nxe5 13. O-O-O b5 14. Ne2 bxc4 15. Bxc4 Qe7 16. Ba2 a5 17. Nd4 Ra6 18. Kb1 Rb6 19. e4 Nxe4 20. fxe4 Qxh4 21. Qxc7 Bxe4+ 22. Ka1 Rfb8 23. Rd2 Nd3 24. Qxf7+ Kh8 25. g3 Qg5 26. Rhd1 Qe5 27. Rxd3 Bxd3 28. Rxd3 Qe1+ 29. Bb1 Rxb2 30. Rb3 Qxb1# 0-1


[Site "https://www.chess.com"]

[Event "Titled Tuesday Blitz November 29 Early 2022"]
[White "Broca Jimenez, Fernando"]
[Black "Stijve, Theo"]
[WhiteFideId "5104742"]
[BlackFideId "1331132"]
[WhiteElo "2062"]
[BlackElo "2256"]
[Result "0-1"]
[Round "04"]
[TimeControl "180+1"]
[Date "2022.11.30"]
[WhiteClock "0:00:04"]
[BlackClock "0:01:00"]

1. e4 e6 2. d4 d5 3. exd5 exd5 4. Bd3 Bd6 5. Nf3 Nf6 6. Qe2+ Qe7 7. Qxe7+ Bxe7 8. O-O O-O 9. Bg5 c6 10. Re1 Be6 11. Nbd2 Nbd7 12. c3 Rfe8 13. Re2 Nf8 14. Rae1 Ng6 15. Ne5 Nxe5 16. Rxe5 Ng4 17. Rxe6 fxe6 18. Bf4 Bf8 19. h3 Nf6 20. Nf3 Nd7 21. Ng5 h6 22. Nxe6 g5 23. Bg3 Kf7 24. Bf5 Bg7 25. Kf1 Nf8 26. Nxg7 Rxe1+ 27. Kxe1 Kxg7 28. Be5+ Kf7 29. Ke2 Ng6 30. g3 Re8 31. Bxg6+ Kxg6 32. Ke3 h5 33. f3 c5 34. b3 b5 35. f4 Kf5 36. Kf3 gxf4 37. g4+ Kg6 38. Kxf4 Rf8+ 39. Kg3 c4 40. bxc4 bxc4 41. h4 Rf1 42. g5 Rc1 43. Bf6 Rxc3+ 44. Kf4 Rh3 45. Ke5 c3 46. Kxd5 c2 0-1


[Site "https://www.chess.com"]

[Event "Titled Tuesday Blitz November 29 Early 2022"]
[White "Buksa, Nataliya"]
[Black "Ljukin, Sergei"]
[WhiteFideId "14123622"]
[BlackFideId "14102200"]
[WhiteElo "2313"]
[BlackElo "2312"]
[Result "1-0"]
[Round "04"]
[TimeControl "180+1"]
[Date "2022.11.30"]
[WhiteClock "0:00:42"]
[BlackClock "0:00:02"]

1. d4 d5 2. Nc3 Nf6 3. Bf4 e6 4. Nb5 Na6 5. e3 Be7 6. Nf3 O-O 7. Be2 c6 8. Nc3 Nc7 9. O-O Nce8 10. Bd3 Nd6 11. Ne2 b5 12. c3 a5 13. Ne5 Bb7 14. Ng3 Rc8 15. Bc2 c5 16. Rc1 h6 17. Nh5 Nxh5 18. Qxh5 Ne4 19. Bxe4 dxe4 20. f3 Bf6 21. Ng4 Bg5 22. Bxg5 Qxg5 23. Qxg5 hxg5 24. Ne5 exf3 25. Nxf3 f6 26. h3 Rfd8 27. Kf2 b4 28. dxc5 Bxf3 29. Kxf3 Rd2 30. cxb4 Rxb2 31. c6 Rxb4 32. Rc5 Rb6 33. c7 Rb7 34. Rfc1 Kf7 35. a4 Ke7 36. g4 Kd7 37. Rd1+ Ke7 38. Rxa5 Rcxc7 39. Ra6 Ra7 40. Rdd6 Rxa6 41. Rxa6 Rc3 42. Ra7+ Kf8 43. a5 Ra3 44. a6 Kg8 45. Ke4 Ra4+ 46. Kd3 Ra3+ 47. Kd4 Ra4+ 48. Kc5 Ra3 49. Ra8+ Kh7 50. Kb4 Ra1 51. Kb5 Kg6 52. Re8 Rb1+ 53. Kc6 Ra1 54. Kb7 Rb1+ 55. Ka8 e5 56. a7 Rb3 57. Re7 Rxe3 58. Kb8 Ra3 59. a8=Q Rxa8+ 60. Kxa8 f5 61. Re6+ 1-0


[Site "https://www.chess.com"]

[Event "Titled Tuesday Blitz November 29 Early 2022"]
[White "Cardoso Cardoso, Jose Gabriel"]
[Black "Mohamed Anees M"]
[WhiteFideId "4430492"]
[BlackFideId "35065815"]
[WhiteElo "2484"]
[BlackElo "2135"]
[Result "1-0"]
[Round "04"]
[TimeControl "180+1"]
[Date "2022.11.30"]
[WhiteClock "0:01:02"]
[BlackClock "0:00:36"]

1. d4 d5 2. Nc3 Nf6 3. Bf4 e6 4. e3 Bb4 5. Ne2 O-O 6. a3 Be7 7. Ng3 c5 8. Nb5 Na6 9. Bd3 Bd7 10. Nc3 Nb8 11. Nh5 c4 12. Nxf6+ Bxf6 13. Be2 b5 14. O-O a5 15. e4 Bc6 16. Bf3 b4 17. axb4 axb4 18. Rxa8 Bxa8 19. Nb5 dxe4 20. Be2 Bd5 21. Nd6 Nc6 22. c3 bxc3 23. bxc3 Qa5 24. Qc2 e5 25. dxe5 Nxe5 26. Nxe4 Bxe4 27. Qxe4 Qxc3 28. Rc1 Qb2 29. Bxc4 Nxc4 30. Qxc4 h6 31. Be3 Re8 32. g3 Qa3 33. Kg2 Qa8+ 34. Qc6 Qxc6+ 35. Rxc6 Rd8 36. Bxh6 gxh6 37. Rxf6 Kg7 38. Ra6 Rd2 39. h4 Ra2 40. Rxa2 1-0


[Site "https://www.chess.com"]

[Event "Titled Tuesday Blitz November 29 Early 2022"]
[White "Chigaev, Maksim"]
[Black "Akbas, Umut Ata"]
[WhiteFideId "4108116"]
[BlackFideId "44572646"]
[WhiteElo "2541"]
[BlackElo "2192"]
[Result "1-0"]
[Round "04"]
[TimeControl "180+1"]
[Date "2022.11.30"]
[WhiteClock "0:01:12"]
[BlackClock "0:00:18"]

1. e4 e5 2. Nf3 Nc6 3. Bc4 Bc5 4. d3 Nf6 5. a4 O-O 6. a5 a6 7. O-O h6 8. c3 d6 9. h3 Ba7 10. Be3 Ne7 11. Bxa7 Rxa7 12. Re1 Ng6 13. Nbd2 Qe7 14. d4 c6 15. Bf1 Ra8 16. Nc4 Bd7 17. dxe5 dxe5 18. Qd6 Rfe8 19. Rad1 Be6 20. Ncxe5 Nxe5 21. Qxe5 Qf8 22. Qc7 Bb3 23. Rc1 Nxe4 24. Qxb7 Bd5 25. Qc7 Qc5 26. Qb6 Qxb6 27. axb6 Rab8 28. c4 Rxb6 29. cxd5 cxd5 30. Rc2 Reb8 31. Nd2 Nf6 32. b3 Rd8 33. Rec1 Rdd6 34. Rc8+ Kh7 35. R8c7 Nd7 36. Ra7 Ne5 37. f4 Nc6 38. Rxf7 Nd4 39. Bd3+ 1-0


[Site "https://www.chess.com"]

[Event "Titled Tuesday Blitz November 29 Early 2022"]
[White "Ciuffoletti, Paolo"]
[Black "Kiseljova, Marya"]
[WhiteFideId "807630"]
[BlackFideId "4155009"]
[WhiteElo "2143"]
[BlackElo "1907"]
[Result "1-0"]
[Round "04"]
[TimeControl "180+1"]
[Date "2022.11.30"]
[WhiteClock "0:00:11"]
[BlackClock "0:00:08"]

1. e4 c5 2. d4 cxd4 3. c3 dxc3 4. Nxc3 d6 5. Nf3 Nf6 6. Bc4 e6 7. e5 Qc7 8. Bb5+ Nfd7 9. Bf4 d5 10. O-O a6 11. Rc1 Nc6 12. Ba4 Nb6 13. Bc2 Be7 14. Bb1 Bd7 15. Re1 Nc4 16. Bg3 Nxb2 17. Qe2 Nc4 18. Nxd5 exd5 19. e6 Bd6 20. exd7+ Kxd7 21. Bf5+ Kd8 22. Bxd6 Nxd6 23. Bh3 f5 24. Ne5 Re8 25. Qh5 Re7 26. Qxh7 Nxe5 27. Rxc7 Nf3+ 28. gxf3 Rxe1+ 29. Kg2 Kxc7 30. Qxg7+ Kc6 31. Qc3+ Kb6 32. Qxe1 Rg8+ 33. Kf1 Kc7 34. Qc3+ Kd7 35. Qe5 Nc4 36. Qxd5+ Nd6 37. Qxg8 1-0


[Site "https://www.chess.com"]

[Event "Titled Tuesday Blitz November 29 Early 2022"]
[White "Clawitter, Craig"]
[Black "Womacka, Mathias"]
[WhiteFideId "2023105"]
[BlackFideId "4611390"]
[WhiteElo "2236"]
[BlackElo "2378"]
[Result "0-1"]
[Round "04"]
[TimeControl "180+1"]
[Date "2022.11.30"]
[WhiteClock "0:00:05"]
[BlackClock "0:00:22"]

1. e4 c5 2. Nf3 d6 3. d4 cxd4 4. Nxd4 Nf6 5. Nc3 a6 6. Be3 e5 7. Nb3 Be7 8. f3 Be6 9. Qd2 O-O 10. O-O-O Nbd7 11. g4 b5 12. Rg1 Nb6 13. Na5 Rc8 14. g5 Nh5 15. Nd5 Nxd5 16. exd5 Bxd5 17. Qxd5 Qxa5 18. Kb1 Qc7 19. c4 bxc4 20. Rc1 Qc6 21. Bxc4 Qxd5 22. Bxd5 a5 23. a4 g6 24. Bd2 Nf4 25. Bxf4 exf4 26. h4 Kg7 27. Rg4 Rxc1+ 28. Kxc1 Rc8+ 29. Kd2 Rc5 30. Bb3 f5 31. Rxf4 h6 32. gxh6+ Kxh6 33. Rd4 Kh5 34. Bd1 d5 35. f4+ Kxh4 36. Bf3 Kg3 37. Bxd5 Bf6 38. Rd3+ Kxf4 39. b3 g5 40. Be6 g4 41. Rd5 Rxd5+ 42. Bxd5 Kg5 43. Ke3 f4+ 44. Kf2 f3 45. Kg3 Be5+ 46. Kf2 Kf4 47. Kf1 g3 48. Kg1 Bd4+ 49. Kf1 g2+ 0-1


[Site "https://www.chess.com"]